 Dungeon Crawl Stone Soup version 0.28.0-43-g3370ac3207 (webtiles) character file.

Game seed: 9020136649876641177

59 Icepheonix32 the Skirmisher (level 3, 0/29 HPs)
             Began as a Demonspawn Fighter on Mar 18, 2022.
             Slain by Grinder (1 damage)
             ... while paralysed by Grinder
             ... on level 3 of the Dungeon.
             The game lasted 00:03:21 (2400 turns).

Icepheonix32 the Skirmisher (Demonspawn Fighter)    Turns: 2400, Time: 00:03:22

Health: 0/29       AC:  6    Str: 18    XL:     3   Next: 78%
Magic:  3/3        EV:  2    Int:  9    God:
Gold:   71         SH:  0    Dex: 12    Spells: 2/2 levels left

rFire   . . .      SeeInvis .   m - staff of death
rCold   . . .      Faith    .   c - +0 buckler
rNeg    + . .      Spirit   .   b - +0 scale mail
rPois   .          Reflect  .   (helmet restricted)
rElec   .          Harm     .   (no cloak)
rCorr   .          Rampage  .   (no gloves)
Will    .....                   (no boots)
Stlth   ..........              r - amulet of the acrobat
HPRegen 0.09/turn               (no ring)
MPRegen 0.08/turn               (no ring)

@: paralysed, mighty
A: antennae 1, powered by death 1
a: no special abilities


You were on level 3 of the Dungeon.
You visited 1 branch of the dungeon, and saw 3 of its levels.

You collected 71 gold pieces.

Inventory:

Hand Weapons
 a - a +0 long sword
 o - the +4 hunting sling "Soesiy" {speed, +Blink rElec Str+9}
   (You found it on level 2 of the Dungeon)

   Attacks with this weapon are significantly faster.
   Str:       It affects your strength (+9).
   rElec:     It insulates you from electricity.
   +Blink:    It lets you blink.
Armour
 b - a +0 scale mail (worn)
 c - a +0 buckler (worn)
 i - a +0 ring mail
Magical Staves
 f - a staff of conjuration
 m - a staff of death (weapon)
Jewellery
 r - an amulet of the acrobat (around neck)
Scrolls
 g - a scroll of identify {unknown}
 n - a scroll of fear {unknown}
 p - a scroll of holy word {unknown}
 q - a scroll of vulnerability {unknown}
Potions
 e - 2 potions of heal wounds {unknown}
 h - a potion of curing {unknown}
 j - a potion of attraction {unknown}
 k - a potion of magic {unknown}
 l - a potion of ambrosia {unknown}


   Skills:
 + Level 3.4 Fighting
 - Level 2.1 Long Blades
 + Level 0.8 Staves
 + Level 3.0 Armour
 + Level 0.4 Dodging
 + Level 2.8 Shields
 - Level 0.3 Conjurations
 * Level 0.6 Necromancy
 * Level 0.8 Evocations


You had 2 spell levels left.
You didn't know any spells.
Your spell library contained the following spells:

 Spells                   Type           Power      Damage    Failure   Level
 Frozen Ramparts          Ice            0%         1d2       99%         3
 Ice Form                 Ice/Tmut       0%         N/A       100%        4
 Summon Ice Beast         Ice/Summ       0%         N/A       100%        4


Dungeon Overview and Level Annotations

Branches:
Dungeon (3/15)

Altars:

Shops:
D:2 [

Annotations:
D:3 Grinder


Innate Abilities, Weirdness & Mutations

You have a pair of small antennae on your head.
You regenerate a little health from kills.


Message History

Grinder gestures at you.
You suddenly lose the ability to move!
Grinder blinks!
You can move again.
You hit Grinder.
Grinder is lightly wounded.
Grinder gestures at you.
You shrug off the repeated paralysis!
Unknown command.
You barely miss Grinder.
Grinder is lightly wounded.
Grinder hits you.
You writhe in agony.
You feel very mighty all of a sudden. Grinder hits you.
You closely miss Grinder.
Grinder is lightly wounded.
Grinder hits you but does no damage.
You hit Grinder.
Grinder is moderately wounded.
Grinder hits you but does no damage.
You hit Grinder!
Grinder is heavily wounded.
Grinder gestures at you.
You are unaffected.
Grinder blinks!
You hit Grinder!
Grinder is almost dead.
Grinder gestures at you. Pain shoots through your body!
Grinder says, "Mostly I couldn't keep them alive."
Grinder gestures at you.
You suddenly lose the ability to move!
Grinder hits you!
* * * LOW HITPOINT WARNING * * *
You writhe in agony.
* * * LOW HITPOINT WARNING * * *
Grinder hits you but does no damage. x2
Grinder hits you.
* * * LOW HITPOINT WARNING * * *
You writhe in agony.
You die...

......#.#.##.#########.#
###
.......<................
......#......#....###
......#.#.####.##.#
..... #.#.......#.#
..... #.#########.##
.#.# #............# #.
####.####.##.#
......5@.....#
#.#...#......#
...#.#.......# .
..#...#...## ..
#..#...?# .. ### ..#.# .
.#..# #...#


You could see Grinder.

Vanquished Creatures
  3 adders
  A worm (D:2)
  3 dart slugs
  3 endoplasms
  A goblin (D:2)
  A hobgoblin (D:2)
  2 kobolds
  2 quokkas
  2 ball pythons (D:2)
  2 bats
  A frilled lizard (D:2)
  3 rats
24 creatures vanquished.

Notes
Turn   | Place    | Note
-------+----------+-------------------------------------------
     0 | D:1      | Icepheonix32 the Demonspawn Fighter began the quest for the
                  | Orb.
     0 | D:1      | Reached XP level 1. HP: 18/18 MP: 1/1
   342 | D:1      | Gained mutation: You have a pair of small antennae on your
                  | head. [demonic ancestry]
   342 | D:1      | Reached XP level 2. HP: 20/24 MP: 2/2
   556 | D:1      | Found a faded altar of an unknown god.
  1389 | D:2      | Found Lino's Antique Armour Boutique.
  1422 | D:2      | Gained mutation: You regenerate a little health from kills.
                  | [demonic ancestry]
  1422 | D:2      | Reached XP level 3. HP: 24/29 MP: 3/3
  1698 | D:2      | Identified the +4 hunting sling "Soesiy" {speed, +Blink
                  | rElec Str+9}
  2376 | D:3      | Noticed Grinder
  2384 | D:3      | Paralysed by Grinder for 4 turns
  2396 | D:3      | Paralysed by Grinder for 6 turns
  2400 | D:3      | HP: 1/29 [Grinder (3)]
  2400 | D:3      | Slain by Grinder

Illustrated notes

Levels and vault maps discovered:
D:1:      tarquinn_simple_flora_water_a, layout_loops_ring,
          basic_ecumenical_altar, amethyst_killhole, minivault_24,
          minmay_tetromino_t2
D:2:      layout_basic, serial_shops, nicolae_shop_hallway_plus,
          amcnicky_mini_rare_corridor_liquid
D:3:      layout_basic, serial_shops, nicolae_shop_behind_doors,
          minmay_splitting_lines, supply_closet_lemuel, corexii_hall_statues_s,
          uniq_ijyb, uniq_grinder, uniq_robin

Skill      XL: |  1  2  3 |
---------------+----------+-----
Long Blades    | 2 |  2.1
Armour         | 3 |  3.0
Fighting       | |  3.4
Staves         | |  0.8
Dodging        | |  0.4
Shields        | |  2.8
Conjurations   | |  0.3
Necromancy     | |  0.6
Evocations     | |  0.8

Action                   || total
-------------------------++-------
Melee: Long sword        ||    33
       Staff             ||    81
 Fire: Hunting sling     ||     2
  Use: Potion            ||     1
Armor: Scale mail        ||    55
Dodge: Dodged            ||    53
Block: Buckler           ||    20
